 Dungeon Crawl Stone Soup version 0.17-a0-1210-g1e4f09d (webtiles) character file.

4167 Vivisectus the Thaumaturge (level 10, -11/50 HPs)
             Began as a Deep Elf Conjurer on June 3, 2015.
             Was a Priest of Sif Muna.
             Shot with an arrow by a centaur warrior (18 damage)
             ... on level 9 of the Dungeon.
             The game lasted 00:58:08 (10633 turns).

Vivisectus the Thaumaturge (Deep Elf Conjurer)     Turns: 10633, Time: 00:58:08

Health: -11/50     AC:  5    Str:  5    XL:     10   Next: 7%
Magic:  25/40      EV: 16    Int: 23    God:    Sif Muna [***...]
Gold:   580        SH:  0    Dex: 16    Spells: 5 memorised, 14 levels left

rFire  . . .     SeeInvis .     u - staff of power
rCold  . . .     Clarity  .     a - +0 robe
rNeg   . . .     SustAt   .     (no shield)
rPois  .         Gourm    .     j - +1 helmet
rElec  .         Spirit   .     Q - +0 cloak
rCorr  .         Warding  .     (no gloves)
rMut   .         Stasis   .     (no boots)
MR     ++...                    G - amulet of regeneration
Stlth  ++........               J - ring of teleport control
                                p - ring of protection from magic

@: very slightly contaminated, very resistant to hostile enchantments,
unstealthy
A: no striking features
a: Channel Energy, Forget Spell, Renounce Religion, Evoke Teleport Control


You were on level 9 of the Dungeon.
You worshipped Sif Muna.
Sif Muna was most pleased with you.
You were near starving.

You visited 2 branches of the dungeon, and saw 10 of its levels.

You collected 580 gold pieces.

Inventory:

Hand weapons
 i - a +0 short sword of venom
 A - a +0 rapier of speed
Armour
 a - a +0 robe (worn)
 j - a +1 helmet (worn)
 n - a cursed +0 buckler
 Q - a +0 cloak (worn)
Magical staves
 u - an uncursed staff of power (weapon)
Jewellery
 e - an uncursed ring of protection from magic
 p - a ring of protection from magic (left hand)
 r - an uncursed amulet of stasis
 y - an uncursed ring of protection from fire
 G - an amulet of regeneration (around neck)
 H - an uncursed amulet of rage
 J - a ring of teleport control (right hand)
 M - an uncursed ring of poison resistance {unknown}
Magical devices
 D - a wand of fire (10)
 N - a wand of cold (8)
Scrolls
 f - 4 scrolls of teleportation
 s - 11 scrolls of remove curse
 C - a scroll of identify
 E - 2 scrolls of enchant armour
 F - a scroll of fog
Potions
 d - a potion of heal wounds {unknown}
 h - 3 potions of agility
 k - 2 potions of ambrosia {unknown}
 l - 2 potions of might {unknown}
 m - 3 potions of invisibility {unknown}
 o - 4 potions of brilliance
 q - 2 potions of lignification {unknown}
 t - 3 potions of curing
 v - 2 potions of cure mutation {unknown}
 w - 2 potions of resistance {unknown}
 x - 2 potions of poison {unknown}
 I - 2 potions of cancellation {unknown}
 L - a potion of degeneration {unknown}
 O - a potion of mutation {unknown}
 P - 2 potions of flight {unknown}
Books
 b - a book of Conjurations

   Spells                             Type                      Level
   a - Magic Dart                     Conjuration                  1
   b - Searing Ray                    Conjuration                  2
   c - Dazzling Spray                 Conjuration/Hexes            3
   d - Fulminant Prism                Conjuration/Hexes            4
   e - Iskenderun's Mystic Blast      Conjuration                  4
   f - Iskenderun's Battlesphere      Conjuration/Charms           5
 B - a book of Hinderance

   Spells                             Type                      Level
   a - Confusing Touch                Hexes                        2
   b - Confuse                        Hexes                        3
   c - Gell's Gravitas                Hexes/Translocation          3
   d - Petrify                        Transmutation/Earth          4
   e - Metabolic Englaciation         Hexes/Ice                    5
 R - a book of Changes

   Spells                             Type                      Level
   a - Beastly Appendage              Transmutation                1
   b - Sticks to Snakes               Transmutation                2
   c - Spider Form                    Transmutation/Poison         3
   d - Ice Form                       Ice/Transmutation            4
   e - Blade Hands                    Transmutation                5
Comestibles
 c - 8 bread rations
 g - 5 meat rations
 z - 5 beef jerkies
 K - 6 slices of pizza


   Skills:
 - Level 6.1 Dodging
 - Level 2.4 Stealth
 + Level 9.9 Spellcasting
 + Level 8.8 Conjurations
 + Level 9.1 Hexes
 - Level 6.0 Charms
 - Level 5.0 Invocations


You had 14 spell levels left.
You knew the following spells:

 Your Spells              Type           Power        Failure   Level  Hunger
a - Magic Dart            Conj           ####         1%          1    None
b - Searing Ray           Conj           ######       1%          2    None
c - Dazzling Spray        Conj/Hex       ######..     1%          3    None
d - Iskenderun's Battles  Conj/Chrm      #####...     10%         5    ####...
e - Confuse               Hex            ######..     1%          3    None


Dungeon Overview and Level Annotations

Branches:
Dungeon (9/15)             Temple (1/1) D:5            Lair (0/8) D:8
    Orc: D:9-12

Altars:
Cheibriados
Elyvilon
Fedhas
Makhleb
Nemelex Xobeh
Okawaru
Qazlal
Sif Muna
Trog
Zin
The Shining One


Message History

Aiming: Dazzling Spray
Press: ? - help, Shift-Dir - straight line, f/p - centaur warrior
Aim: a centaur warrior, wielding a shortbow (moderately wounded)
The spray of energy hits the centaur warrior.
The centaur warrior is moderately wounded.
The centaur warrior shoots an arrow.
The arrow hits you!
The centaur warrior shoots an arrow.
The arrow misses you.
Casting: Dazzling Spray
Confirm with . or Enter, or press ? or * to list all spells.
You miscast Iskenderun's Battlesphere.
You are very lightly contaminated with residual magic.
Your skin tingles.
You are near starving!
The centaur warrior shoots an arrow.
The arrow hits you!
* * * LOW HITPOINT WARNING * * *
Read which item? (? for menu, Esc to quit)
As you read the scroll of fog, it crumbles to dust.
The scroll dissolves into smoke.
The centaur warrior shoots an arrow.
The arrow hits you!!
You die...

###################
#..................
#..................
#..################
#..# #.@# #§§# #§c#
#§§§§.....
#.§.§.c...
#..####### #..#
#..# #..#


You could see a centaur warrior.

Vanquished Creatures
  Maurice (D:9)
  A troll (D:9)
  Sigmund (D:6)
  A human (D:7)
  Eustachio (D:4)
  A hippogriff (D:8)
  Edmund (D:6)
  A water moccasin (D:6)
  Duvessa (D:4)
  5 ogres
  A necrophage (D:6)
  3 ice beasts (D:7)
  A centaur (D:8)
  A crocodile (D:8)
  A phantom (D:8)
  6 giant frogs
  Dowan (D:4)
  4 scorpions
  3 killer bees (D:7)
  2 crimson imps
  2 hounds
  An iguana (D:5)
  2 jellies
  A centaur zombie (D:8)
  An orc priest (D:6)
  2 orc wizards
  A giant frog skeleton (D:9)
  2 giant frog zombies
  Jessica (D:2)
  Natasha (thrice) (D:4)
  6 worker ants
  A killer bee zombie (D:8)
  4 sheep (D:7)
  2 hound zombies
  A hound skeleton (D:7)
  3 gnolls (D:5)
  4 adders
  2 shadow imps
  A white imp (D:4)
  2 ufetubi (D:4)
  3 oozes
  A worm (D:3)
  8 giant geckos
  10 orcs
  A ball python (D:1)
  A bat skeleton (D:4)
  6 giant cockroaches
  9 goblins
  14 hobgoblins
  10 jackals
  15 bats
  A giant gecko zombie (D:5)
  5 giant newts
  A jackal zombie (D:6)
  13 kobolds
  3 quokkas
  10 rats
190 creatures vanquished.

Notes
Turn   | Place    | Note
--------------------------------------------------------------
     0 | D:1      | Vivisectus the Deep Elf Conjurer began the quest for the Orb.
     0 | D:1      | Reached XP level 1. HP: 10/10 MP: 6/6
   263 | D:1      | Reached XP level 2. HP: 15/15 MP: 5/8
   385 | D:1      | Learned a level 2 spell: Searing Ray
   794 | D:1      | Reached XP level 3. HP: 15/19 MP: 6/11
   872 | D:1      | Learned a level 3 spell: Dazzling Spray
  1050 | D:2      | Noticed Jessica
  1056 | D:2      | Killed Jessica
  1056 | D:2      | Reached skill level 5 in Spellcasting
  1195 | D:2      | Reached XP level 4. HP: 21/24 MP: 9/13
  1829 | D:3      | Found a sparkling altar of Nemelex Xobeh.
  1887 | D:3      | Reached skill level 6 in Spellcasting
  1925 | D:3      | Reached skill level 1 in Hexes
  2557 | D:4      | Noticed Natasha
  2566 | D:4      | Killed Natasha
  2566 | D:4      | Reached XP level 5. HP: 28/28 MP: 10/15
  2618 | D:4      | Noticed Natasha
  2620 | D:4      | Killed Natasha
  2683 | D:4      | Learned a level 5 spell: Iskenderun's Battlesphere
  2743 | D:4      | Noticed an ogre
  2753 | D:4      | Killed an ogre
  2753 | D:4      | Reached skill level 5 in Conjurations
  2866 | D:4      | Noticed Natasha
  2870 | D:4      | Killed Natasha
  2922 | D:4      | Noticed Dowan
  2924 | D:4      | Noticed Duvessa
  2941 | D:4      | Killed Duvessa
  2941 | D:4      | Reached skill level 5 in Hexes
  2941 | D:4      | Reached XP level 6. HP: 22/32 MP: 1/17
  2944 | D:4      | Found a burning altar of Makhleb.
  2944 | D:4      | Found a bloodstained altar of Trog.
  2944 | D:4      | Found an iron altar of Okawaru.
  2944 | D:4      | Found a white marble altar of Elyvilon.
  2944 | D:4      | Found a snail-covered altar of Cheibriados.
  3190 | D:4      | Noticed Eustachio
  3266 | D:4      | Killed Dowan
  3481 | D:4      | Killed Eustachio
  3481 | D:4      | Reached XP level 7. HP: 36/36 MP: 18/18
  3520 | D:4      | Reached skill level 1 in Charms
  3567 | D:4      | Found a glowing golden altar of the Shining One.
  3699 | D:4      | Found a glowing silver altar of Zin.
  3776 | D:5      | Entered Level 5 of the Dungeon
  3953 | D:5      | Found a staircase to the Ecumenical Temple.
  3974 | Temple   | Entered the Ecumenical Temple
  3984 | Temple   | Became a worshipper of Sif Muna the Loreminder
  4950 | D:5      | Reached skill level 1 in Invocations
  5194 | D:6      | Reached skill level 7 in Spellcasting
  5194 | D:6      | Reached skill level 5 in Charms
  5332 | D:6      | Reached XP level 8. HP: 35/41 MP: 20/20
  5685 | D:6      | Acquired Sif Muna's first power
  6172 | D:6      | Found a stormy altar of Qazlal.
  6309 | D:6      | Noticed Edmund
  6317 | D:6      | Killed Edmund
  6354 | D:6      | Noticed Sigmund
  6358 | D:6      | Killed Sigmund
  6646 | D:6      | Reached skill level 5 in Invocations
  7033 | D:7      | Reached skill level 8 in Spellcasting
  7546 | D:7      | Reached XP level 9. HP: 45/45 MP: 23/23
  7940 | D:7      | Reached skill level 5 in Dodging
  8615 | D:8      | Acquired Sif Muna's second power
  8642 | D:8      | Learned a level 3 spell: Confuse
  9065 | D:8      | Reached skill level 9 in Spellcasting
  9191 | D:8      | Found a blossoming altar of Fedhas.
  9354 | D:8      | Found a staircase to the Lair.
 10249 | D:9      | Noticed Maurice
 10263 | D:9      | Killed Maurice
 10263 | D:9      | Reached XP level 10. HP: 12/50 MP: 3/25
 10625 | D:9      | Noticed a centaur warrior
 10633 | D:9      | Shot with an arrow by a centaur warrior

Vault maps used:
D:1:      roderic_dead_forest, serial_aquarium, aquarium_bridge_square,
          aquarium_window_3, aquarium_window_fake, aquarium_window_1,
          aquarium_view_2a
D:2:      bh_walls_and_bars, uniq_jessica
D:3:      nemelex_xobeh_ov_fountains_minmay
D:4:      lemuel_doored_altar, zin_scriptorium, grunt_temple_overflow_open,
          kennysheep_pointless_box, uniq_natasha, uniq_duvessa, uniq_eustachio
D:5:      minmay_temple_entry_statues, first_bread, minivault_1
D:6:      kennysheep_little_box, sigmund_edmund_badplayer,
          uniq_crazy_yiuf_cottage
D:7:      grunt_livestock
D:8:      lair_0_dummy, basic_altar, minmay_lizard_king
D:9:      uniq_maurice, uniq_prince_ribbit1
Temple:   bh_familiar_temple

Action                   |  1- 3 |  4- 6 |  7- 9 | 10-12 || total
-------------------------+-------+-------+-------+-------++-------
Melee: Unarmed           |     1 |       |       |       ||     1
       Staff             |       |     1 |       |       ||     1
 Cast: Magic Dart        |    49 |    50 |    61 |       ||   160
       Searing Ray       |     5 |     9 |     5 |       ||    19
       Dazzling Spray    |     1 |    37 |   215 |    13 ||   266
       Iskenderun's Batt |       |       |     1 |       ||     1
Invok: Channel Energy    |       |       |     8 |       ||     8
  Use: Scroll            |     2 |     9 |     9 |     3 ||    23
  Eat: Chunk             |       |     5 |    10 |     1 ||    16
       Fruit             |       |     2 |       |       ||     2
       Meat ration       |       |     1 |     1 |       ||     2
       Royal jelly       |       |       |     1 |       ||     1
       Pizza             |       |       |     1 |       ||     1
